 Dungeon Crawl Stone Soup version 0.27-a0-1308-gc08437e49b (webtiles) character file.

Game seed: 5269451015256058260

5 mordus the Skirmisher (level 1, -2/18 HPs)
             Began as a Formicid Abyssal Knight on June 18, 2021.
             Was an Initiate of Lugonu.
             Succumbed to a kobold's poison
             ... on level 1 of the Dungeon.
             The game lasted 00:00:33 (325 turns).

mordus the Skirmisher (Formicid Abyssal Knight)      Turns: 325, Time: 00:00:33

Health: -2/18      AC:  3    Str: 16    XL:     1   Next: 88%
Magic:  2/2        EV: 11    Int: 11    God:    Lugonu [......]
Gold:   0          SH:  0    Dex: 10    Spells: 0/0 levels left

rFire    . . .     SeeInvis +   a - +1 falchion
rCold    . . .     Faith    .   (no shield)
rNeg     . . .     Spirit   .   b - +0 leather armour
rPois    .         Reflect  .   (helmet unavailable)
rElec    .         Harm     .   (no cloak)
rCorr    .         Rampage  .   (no gloves)
Will     .....                  (no boots)
Stlth    +.........             c - amulet of regeneration
HPRegen  1.06/turn              (no ring)
MPRegen  0.08/turn              (no ring)

@: lethally poisoned (-2 -> -9)
A: permanent stasis, dig shafts and tunnels, antennae 3, four strong arms
a: Dig, Shaft Self, Renounce Religion


You were on level 1 of the Dungeon.
You worshipped Lugonu.
Lugonu was noncommittal.
You visited 1 branch of the dungeon, and saw 1 of its levels.
You visited the Abyss 1 time.

Inventory:

Hand Weapons
 a - a +1 falchion (weapon)
Armour
 b - a +0 leather armour (worn)
Jewellery
 c - an amulet of regeneration (around neck)
Potions
 d - a potion of flight {unknown}


   Skills:
 - Level 3.2 Fighting
 * Level 2.2 Long Blades
 + Level 2.3 Armour
 - Level 0.8 Dodging
 + Level 2.3 Invocations


You couldn't memorise any spells.
You didn't know any spells.
Your spell library was empty.

Dungeon Overview and Level Annotations

Branches:
Dungeon (1/15)

Altars:


Innate Abilities, Weirdness & Mutations

You cannot be hasted, slowed, berserked, paralysed or teleported.
You can dig through walls and to a lower floor.
You have a pair of large antennae on your head. (SInv)
Your four strong arms can wield two-handed weapons with a shield.


Message History

You slash the kobold!
You kill the kobold!
Lugonu accepts your kill.
There are monsters nearby!
You closely miss the kobold.
The kobold hits you with a +2 short sword of venom.
You are poisoned.
You hit the kobold but do no damage.
You feel very sick. The kobold closely misses you.
A kobold is nearby!
You barely miss the kobold.
You feel sick. The kobold closely misses you. x2
A kobold is nearby!
You closely miss the kobold.
You feel sick. The kobold barely misses you.
You hit the kobold.
The kobold is severely wounded.
You feel sick.
A dart slug comes into view.
The kobold hits you with a +2 short sword of venom.
You are more poisoned.
You are too injured to fight recklessly!
Unknown command.
You feel very sick.
You feel sick.
You feel sick.
You barely miss the kobold.
The kobold is heavily wounded.
You feel sick.
The kobold hits you with a +2 short sword of venom.
* * * LOW HITPOINT WARNING * * *
You are lethally poisoned!
You closely miss the kobold.
The kobold is heavily wounded.
* * * LOW HITPOINT WARNING * * *
You feel very sick. The kobold hits you but does no damage.
You are more poisoned.
You hit the kobold.
The kobold is severely wounded.
You die...

...... w.....
#..... # ......#
#.. ....{..
###...#
.......####.....#
......)#JK@.#
#.....#..#### {
#$.....##
...#.#...## ### #
##...###### ..#
##.†....)## ..
......#..###..#
####.
...##..#.####.#
###.... .
##.#......##
##...##.


You could see an endoplasm and a kobold.

Vanquished Creatures
  2 hobgoblins (D:1)
  A kobold (D:1)
  A bat (D:1)
  A goblin (D:1)
5 creatures vanquished.

Notes
Turn   | Place    | Note
-------+----------+-------------------------------------------
     0 | Abyss:1  | mordus the Formicid Abyssal Knight began the quest for the
                  | Orb.
     0 | Abyss:1  | Reached XP level 1. HP: 18/18 MP: 2/2
    77 | Abyss:1  | Noticed a ynoxinul
    81 | D:1      | Escaped the Abyss
   325 | D:1      | Succumbed to a kobold's poison

Illustrated notes

Levels and vault maps discovered:
D:1:      dpeg_arrival_line_fractal, layout_rooms, nrook_campfire

Action                   || total
-------------------------++-------
Melee: Falchion          ||    28
Invok: Depart the Abyss  ||     1
Armor: Leather armour    ||     7
Dodge: Dodged            ||    24
       Rpst.: Falchion   ||     4

Table legend: (Time is in decaauts)
 A = Elapsed time spent in this place.
 B = Non-inter-level travel time spent in this place.
 C = Inter-level travel time spent in this place.
 D = Time resting spent in this place.
 E = Time spent auto-exploring this place.
 F = Levels seen in this place.
 G = Mean time per level.
                   A        B        C        D        E       F      G
               +--------+--------+--------+--------+--------+-----+--------+
         Total |    329 |    329 |      0 |     91 |    173 |   2 |  164.5 |
       Dungeon |    248 |    248 |      0 |     91 |     98 |   1 |  248.0 |
         Abyss |     81 |     81 |      0 |      0 |     75 |   1 |   81.0 |
               +--------+--------+--------+--------+--------+-----+--------+

Top non-repeatable levels by time:
     D:1: 248 daAuts
 Abyss:1: 81 daAuts
